 Dungeon Crawl Stone Soup version 0.24.0-123-gd5b16e6ec5 (webtiles) character file.

Game seed: 16307358365110288324, levelgen mode: deterministic

10235 FluffierThanThou the Fighter (level 11, -7/92 HPs)
             Began as a Demonspawn Fighter on Jan 17, 2020.
             Was a Priest of Yredelemnul.
             Mangled by a phantasmal warrior (29 damage)
             ... led by a death knight
             ... on level 11 of the Dungeon.
             The game lasted 00:30:36 (11135 turns).

FluffierThanThou the Fighter (Demonspawn Fighter)  Turns: 11135, Time: 00:30:37

Health: -7/92      AC: 16    Str: 19    XL:     11   Next: 33%
Magic:  17/17      EV:  8    Int:  9    God:    Yredelemnul [***...]
Gold:   492        SH: 18    Dex: 14    Spells: 10/10 levels left

rFire    . . .     SeeInvis .   f - +2 hand axe (chop)
rCold    . . .     Gourm    .   c - +0 shield
rNeg     . . .     Faith    .   v - +2 scale mail {rPois}
rPois    +         Spirit   .   A - +2 hat
rElec    .         Reflect  +   K - +0 cloak
rCorr    .         Harm     .   (no gloves)
MR       .....                  z - +2 pair of boots
Stlth    +.........             a - +3 amulet of reflection
HPRegen  0.25/turn              (no ring)
MPRegen  0.15/turn              I - ring of stealth

@: no status effects
A: talons 2, large bone plates 1, demonic guardian 1, spiny 1
a: Recall Undead Slaves, Injury Mirror, Animate Dead, Renounce Religion


You were on level 11 of the Dungeon.
You worshipped Yredelemnul.
Yredelemnul was most pleased with you.
You were very hungry.

You visited 1 branch of the dungeon, and saw 12 of its levels.

You collected 680 gold pieces.
You spent 188 gold pieces at shops.

Inventory:

Hand Weapons
 f - a +2 hand axe of chopping (weapon)
   (You took it off an orc on level 4 of the Dungeon)
Armour
 c - a +0 shield (worn)
 v - a +2 scale mail of poison resistance (worn)
   (You found it on level 6 of the Dungeon)
 z - a +2 pair of boots (worn)
   (You found it on level 8 of the Dungeon)
 A - a +2 hat (worn)
   (You found it on level 8 of the Dungeon)
 H - the +3 scale mail "Honnuoru" {rN+ Str+3 Int+4, unknown}
   (You found it on level 11 of the Dungeon)

   It affects your strength (+3).
   It affects your intelligence (+4).
   It protects you from negative energy.
 K - a +0 cloak (worn)
   (You found it on level 10 of the Dungeon)
Jewellery
 a - a +3 amulet of reflection (around neck)
   (You bought it in a shop on level 10 of the Dungeon)
 I - a ring of stealth (right hand)
   (You found it on level 10 of the Dungeon)
Wands
 b - a wand of disintegration (4)
   (You found it on level 10 of the Dungeon)
 u - a wand of paralysis (12)
   (You found it on level 11 of the Dungeon)
 y - a wand of flame (41)
   (You took it off a hobgoblin on level 7 of the Dungeon)
 B - a wand of polymorph (7)
   (You found it on level 8 of the Dungeon)
Scrolls
 g - 9 scrolls of teleportation {@r4}
 h - 4 scrolls of identify {@r1}
 k - a scroll of blinking {unknown}
 p - 4 scrolls of remove curse {@r2}
 q - 2 scrolls of enchant armour {unknown}
 r - a scroll of immolation {unknown}
 E - a scroll of fog {unknown}
 F - a scroll of enchant weapon {unknown}
 G - a scroll of silence {unknown}
Potions
 d - 2 potions of degeneration {!q}
 i - a potion of cancellation {unknown}
 j - 2 potions of agility {unknown}
 l - 2 potions of brilliance {unknown}
 m - 4 potions of haste {unknown}
 n - 3 potions of curing {@q1}
 o - a potion of magic {unknown}
 s - 3 potions of mutation {unknown}
 t - 2 potions of lignification {unknown}
 w - a potion of berserk rage
 x - a potion of invisibility {unknown}
 D - a potion of ambrosia {unknown}
 J - a potion of heal wounds {unknown}
 L - a potion of flight {unknown}
Comestibles
 e - 20 rations {!d}


   Skills:
 * Level 10.3 Fighting
 + Level 6.4 Axes
 + Level 6.8 Armour
 * Level 9.4 Shields
 - Level 8.0 Invocations


You had 10 spell levels left.
You didn't know any spells.
Your spell library contained the following spells:

 Spells                   Type           Power        Failure   Level  Hunger
 Animate Skeleton         Necr           N/A          92%         1    ##.....
 Apportation              Tloc           #.....       92%         1    ##.....
 Beastly Appendage        Tmut           #.....       92%         1    ##.....
 Confusing Touch          Hex            #.....       92%         1    ##.....
 Corona                   Hex            #......      92%         1    ##.....
 Sting                    Conj/Pois      #...         92%         1    ##.....
 Summon Small Mammal      Summ           #...         92%         1    ##.....
 Ensorcelled Hibernation  Hex/Ice        #.....       98%         2    ###....
 Poisonous Vapours        Pois/Air       #.....       98%         2    ###....
 Sticks to Snakes         Tmut           #.......     98%         2    ###....
 Confuse                  Hex            #.......     100%        3    ####...
 Dazzling Spray           Conj/Hex       #.....       100%        3    ####...
 Mephitic Cloud           Conj/Pois/Air  #.......     100%        3    ####...
 Spider Form              Tmut/Pois      #.........   100%        3    ####...
 Tukima's Dance           Hex            #.......     100%        3    ####...
 Ice Form                 Ice/Tmut       #.......     100%        4    #####..
 Olgreb's Toxic Radiance  Pois           #.......     100%        4    #####..
 Blade Hands              Tmut           #.........   100%        5    ######.
 Venom Bolt               Conj/Pois      #.........   100%        5    ######.


Dungeon Overview and Level Annotations

Branches:
Dungeon (12/15)            Temple (0/1) D:7            Lair (0/6) D:11
    Orc (0/2) D:10

Altars:
Ashenzari
Cheibriados
Gozag
Hepliaklqana
Makhleb
Nemelex Xobeh
Trog
Uskayaw
Vehumet
Xom
Yredelemnul
The Shining One

Shops:
D:5 (   D:10 =:


Innate Abilities, Weirdness & Mutations

You have razor-sharp toenails.
You are partially covered in large bone plates. (SH +4)
A weak demonic guardian rushes to your aid.
You are partially covered in sharp spines.


Message History

Your orc zombie closely misses the freezing wraith.
Your ufetubus hits the phantasmal warrior but does no damage.
Your ufetubus barely misses the phantasmal warrior.
Your troll skeleton bites the phantasmal warrior!
Your troll skeleton barely misses the phantasmal warrior.
Your troll skeleton closely misses the phantasmal warrior.
Your orc priest zombie hits the freezing wraith but does no damage.
Your orc priest zombie barely misses the phantasmal warrior.
Your shadow imp misses the freezing wraith.
You block the freezing wraith's attack.
The freezing wraith hits you but does no damage.
Your orc priest zombie hits the phantasmal warrior but does no damage.
Your shadow imp hits the freezing wraith but does no damage.
The phantasmal warrior barely misses your shadow imp.
The freezing wraith hits your shadow imp but does no damage.
The freezing wraith barely misses your shadow imp.
Your orc zombie hits the freezing wraith.
Your orc skeleton hits the phantasmal warrior but does no damage.
Your shadow imp misses the freezing wraith.
The phantasmal warrior blinks!
You swap places.
Your ufetubus barely misses the phantasmal warrior.
Your ufetubus closely misses the phantasmal warrior.
The freezing wraith hits your orc zombie!
Your orc zombie is destroyed!
Your orc priest zombie hits the phantasmal warrior but does no damage.
The phantasmal warrior misses your ufetubus.
You swap places.
The freezing wraith hits your ufetubus.
The freezing wraith freezes your ufetubus!
Your ufetubus resists.
Your ufetubus dies!
Your orc priest zombie hits the freezing wraith but does no damage.
You block the phantasmal warrior's attack.
Your quasit bites the freezing wraith but does no damage.
Your quasit claws the freezing wraith but does no damage. x2
Your troll skeleton bites the freezing wraith but does no damage.
Your troll skeleton claws the freezing wraith but does no damage. x2
Your orc skeleton barely misses the freezing wraith.
Your orc priest zombie hits the freezing wraith but does no damage.
You block the phantasmal warrior's attack.
Your quasit bites the freezing wraith but does no damage.
Your quasit completely misses the freezing wraith.
Your quasit claws the freezing wraith but does no damage.
Your orc priest zombie hits the phantasmal warrior but does no damage.
Your shadow imp disappears in a puff of smoke!
Your troll skeleton barely misses the freezing wraith. x2
Your troll skeleton claws the freezing wraith but does no damage.
The phantasmal warrior hits you!!
You die...
Your body rises from the dead as a mindless zombie.

#########.#######...........Z
#.# #......<..... #.#
#............ #.#
#............
#########.#######............
#............................
#.............#########......
###########...# #...###
#.......ยง5W.@.#########......
#........>ZW.................
#........ZZZ.................
############.#########..#....
############............#....
#...............<............
#...........######...........
#########.Z.######..#####^...
#########...............Z....


You could see a phantasmal warrior, a freezing wraith, a friendly quasit, 2
friendly orc priest zombies, a friendly orc skeleton and a friendly troll
skeleton.

Vanquished Creatures
  A two-headed ogre (D:11)
  An unseen horror (D:10)
  A phantasmal warrior (D:12)
  An ugly thing (D:11)
  A manticore (D:11)
  An efreet (D:10)
  3 trolls
  A hippogriff (D:9)
  A spriggan (D:7)
  A wyvern (D:10)
  3 yaks (D:6)
  A hungry ghost (D:8)
  4 orc warriors
  4 sky beasts
  3 black bears
  2 phantoms
  5 ogres
  A bullfrog (D:11)
  3 scorpions (D:10)
  9 killer bees
  3 wights (D:10)
  An electric eel (D:10)
  A howler monkey (D:6)
  A centaur zombie (D:7)
  A crimson imp (D:4)
  6 hounds
  A bullfrog zombie (D:5)
  4 jellies
  9 orc priests
  10 orc wizards
  2 bullfrog skeletons (D:7)
  An iron imp (D:7)
  5 iguanas
  10 worker ants
  A hound zombie (D:3)
  4 hound skeletons
  A howler monkey skeleton (D:10)
  11 adders
  3 shadow imps (D:9)
  An ooze (D:3)
  An adder zombie (D:8)
  An adder skeleton (D:4)
  3 dart slugs
  4 leopard geckos
  32 orcs
  7 giant cockroaches
  6 goblins
  10 hobgoblins
  15 jackals
  14 kobolds
  2 quokkas
  6 bats
  5 frilled lizards
  A goblin skeleton (D:4)
  2 goblin zombies (D:4)
  A jackal skeleton (D:7)
  A kobold skeleton (D:4)
  A kobold zombie (D:4)
  A leopard gecko skeleton (D:4)
  An orc zombie (D:4)
  A quokka skeleton (D:3)
  4 rats
242 creatures vanquished.

Vanquished Creatures (collateral kills)
  A death knight (D:11)
  A two-headed ogre (D:8)
  An ugly thing (D:10)
  A komodo dragon (D:10)
  2 hippogriffs (D:10)
  2 hungry ghosts
  An orc warrior (D:9)
  A black bear (D:10)
  An ogre (D:9)
  A phantom (D:10)
  A centaur (D:7)
  A big kobold (D:10)
  A bullfrog (D:9)
  A wight (D:10)
  An electric eel (D:10)
  3 orc wizards
  An orc (D:6)
  2 quokkas (D:8)
23 creatures vanquished.

Vanquished Creatures (others)
  A hippogriff zombie (D:10)
  A hippogriff skeleton (D:10)
  A black bear skeleton (D:10)
  A killer bee zombie (D:11)
  An ogre skeleton (D:8)
  An orc skeleton (D:11)
  A kobold (D:10)
  An orc zombie (D:11)
  A plant (D:10)
9 creatures vanquished.

Grand Total: 274 creatures vanquished

Notes
Turn   | Place    | Note
-------+----------+-------------------------------------------
     0 | D:1      | FluffierThanThou the Demonspawn Fighter began the quest for
                  | the Orb.
     0 | D:1      | Reached XP level 1. HP: 18/18 MP: 1/1
    44 | D:1      | Gained mutation: You have sharp toenails. [demonic
                  | ancestry]
    44 | D:1      | Reached XP level 2. HP: 18/24 MP: 2/2
   627 | D:2      | Reached XP level 3. HP: 29/29 MP: 3/3
   956 | D:2      | Gained mutation: You are partially covered in sharp spines.
                  | [demonic ancestry]
   956 | D:2      | Reached XP level 4. HP: 32/37 MP: 4/4
  1389 | D:3      | Reached skill level 4 in Fighting
  1518 | D:3      | You fall into a shaft and drop 2 floors!
  1518 | D:5      | Entered Level 5 of the Dungeon
  1671 | D:5      | Gained mutation: You are partially covered in large bone
                  | plates. (SH +4) [demonic ancestry]
  1671 | D:5      | Reached XP level 5. HP: 33/42 MP: 5/5
  1678 | D:4      | Noticed an ogre
  1685 | D:4      | Killed an ogre
  1692 | D:4      | Reached XP level 6. HP: 42/49 MP: 6/6
  1849 | D:3      | Found a bloodstained altar of Trog.
  2001 | D:3      | Reached skill level 5 in Fighting
  2257 | D:4      | Found a glowing golden altar of the Shining One.
  2524 | D:4      | Gained mutation: A weak demonic guardian rushes to your
                  | aid. [demonic ancestry]
  2524 | D:4      | Reached XP level 7. HP: 27/56 MP: 7/7
  2996 | D:4      | Reached skill level 5 in Shields
  3171 | D:5      | Found Riaxkimuat's Weapon Emporium.
  3527 | D:5      | Reached skill level 6 in Fighting
  3798 | D:5      | Found a faded altar of an unknown god.
  3798 | D:5      | Found a hazy altar of Hepliaklqana.
  3803 | D:5      | Found a faded altar of an unknown god.
  3806 | D:5      | Became a worshipper of Yredelemnul the Dark
  3806 | D:5      | Reached * piety under Yredelemnul
  3809 | D:5      | Found an opulent altar of Gozag.
  3811 | D:5      | Found a hide-covered altar of Uskayaw.
  3863 | D:6      | Reached XP level 8. HP: 60/64 MP: 8/8
  3894 | D:6      | Reached skill level 1 in Invocations
  4589 | D:7      | Found a staircase to the Ecumenical Temple.
  4609 | D:7      | Found a radiant altar of Vehumet.
  4781 | D:7      | Reached skill level 7 in Fighting
  4806 | D:7      | Found a sparkling altar of Nemelex Xobeh.
  4953 | D:7      | Found a snail-covered altar of Cheibriados.
  5092 | D:7      | Found a shattered altar of Ashenzari.
  5163 | D:7      | Gained mutation: You have razor-sharp toenails. [demonic
                  | ancestry]
  5163 | D:7      | Reached XP level 9. HP: 60/72 MP: 12/12
  5436 | D:8      | Reached ** piety under Yredelemnul
  5492 | D:8      | Reached skill level 5 in Invocations
  5497 | D:8      | Reached skill level 5 in Armour
  5505 | D:8      | Noticed a two-headed ogre
  5512 | D:8      | Killed a two-headed ogre
  5558 | D:8      | HP: 1/74 [orc priest/nerve-wracking pain (4)]
  5932 | D:8      | Reached skill level 8 in Fighting
  6334 | D:8      | Reached skill level 5 in Axes
  6471 | D:9      | Found a burning altar of Makhleb.
  6623 | D:9      | Reached XP level 10. HP: 42/81 MP: 15/15
  7093 | D:9      | Reached *** piety under Yredelemnul
  7364 | D:10     | Entered Level 10 of the Dungeon
  7602 | D:10     | Killed an unseen horror
  7988 | D:10     | Noticed a brown ugly thing
  8003 | D:10     | Killed a brown ugly thing
  8003 | D:10     | Reached skill level 9 in Fighting
  8867 | D:10     | Found Sebbent's Book Emporium.
  9002 | D:10     | Found a shimmering altar of Xom.
  9089 | D:10     | Found Mianiasu's Jewellery Shop.
  9117 | D:10     | Bought a +3 amulet of reflection for 188 gold pieces
  9231 | D:10     | Found a staircase to the Orcish Mines.
  9510 | D:11     | Noticed a brown ugly thing
  9534 | D:11     | Killed a brown ugly thing
  9744 | D:11     | Noticed a manticore
  9753 | D:11     | Reached XP level 11. HP: 56/90 MP: 17/17
 10057 | D:11     | Found a staircase to the Lair.
 10076 | D:11     | Noticed a two-headed ogre
 10083 | D:11     | Killed a two-headed ogre
 10083 | D:11     | Reached skill level 10 in Fighting
 10464 | D:11     | Got a distressingly furry scale mail
 10787 | D:12     | Noticed a phantasmal warrior
 10796 | D:12     | Noticed a death knight
 10798 | D:12     | Noticed a phantasmal warrior
 10800 | D:12     | Killed a phantasmal warrior
 10832 | D:11     | Killed a death knight
 11135 | D:11     | Mangled by a phantasmal warrior

Levels and vault maps discovered:
D:1:      evilmike_arrival_plus, layout_loops_cross, st_stairs_9
D:2:      layout_basic, first_ration
D:3:      layout_basic, bloody_trog, serial_undead, serial_undead_e,
          serial_undead_a, serial_undead_e, serial_undead_e
D:4:      layout_cave_pods, serial_column_ruins, column_ruins_hut,
          column_ruins_hut, column_ruins_columns_water,
          column_ruins_columns_straight, column_ruins_grid_1,
          column_ruins_open_small, column_ruins_grid_1,
          column_ruins_corridor_dead_end, nicolae_tso_besieged_by_evil
D:5:      layout_cave_pools, chequers_temple_overflow_minitemple, serial_shops,
          shop_fountains, serial_bayou_crossing
D:6:      layout_cave_pools
D:7:      layout_loops_ring, slow_altar_2, lemuel_doored_altar,
          vehumet_altar_wand_db, minmay_temple_entry_grid, the_bakery,
          nemelex_xobeh_ov_fountains_minmay
D:8:      layout_basic
D:9:      layout_basic, bloody_makhleb
D:10:     layout_layer_cave, orc_0_dummy, serial_shops, nicolae_shop_crystal,
          shop, basic_altar, serial_bayou_ford_a, minmay_mirror_moons_of_madness
D:11:     layout_long_grid, lair_entry_dummy, minivault_16
D:12:     minmay_goldmine, layout_basic, serial_shops, shop, wad_hexagon,
          uniq_snorg

Skill      XL: |  1  2  3  4  5  6  7  8  9 10 11 |
---------------+----------------------------------+-----
Axes           | 2 3 4 5 6 |  6.4
Shields        | 3 4 5 6 7 8 9 |  9.4
Armour         | 3 4 5 6 |  6.8
Fighting       | 4 5 6 7 8 9 10 | 10.3
Invocations    | 4 7 8 |  8.0

Action                   |  1- 3 |  4- 6 |  7- 9 | 10-12 || total
-------------------------+-------+-------+-------+-------++-------
Melee: War axe           |    76 |   101 |       |       ||   177
       Kick              |    16 |    33 |    79 |    26 ||   154
       Hand axe          |       |    15 |   245 |   284 ||   544
Invok: Animate Remains   |       |       |     6 |     5 ||    11
       Recall Undead Sla |       |       |     1 |       ||     1
       Animate Dead      |       |       |       |    10 ||    10
       Injury Mirror     |       |       |       |     3 ||     3
  Use: Scroll            |       |     4 |       |     5 ||     9
       Potion            |       |     1 |       |     9 ||    10
 Stab: Distracted        |       |       |     3 |     4 ||     7
  Eat: Chunk             |       |     5 |    16 |     4 ||    25
       Ration            |       |       |     1 |     4 ||     5
Armor: Scale mail        |    33 |    37 |    57 |    86 ||   213
Dodge: Dodged            |    22 |    28 |    53 |    54 ||   157
Block: Shield            |    43 |    82 |   160 |   233 ||   518
